 Dungeon Crawl Stone Soup version 0.23.1 (webtiles) character file.

Game seed: 0

51 misha the Covered (level 3, -1/33 HPs)
             Began as a Minotaur Fighter on Mar 2, 2019.
             Slain by a worm (3 damage)
             ... on level 2 of the Dungeon.
             The game lasted 00:04:22 (933 turns).

misha the Covered (Minotaur Fighter)                 Turns: 933, Time: 00:04:23

Health: -1/33      AC:  7    Str: 21    XL:     3   Next: 58%
Magic:  2/2        EV:  7    Int:  5    God:
Gold:   42         SH:  9    Dex:  9    Spells: 2/2 levels left

rFire    . . .     SeeInvis .   a - +0 flail
rCold    . . .     Gourm    .   c - +0 shield
rNeg     . . .     Faith    .   b - +0 scale mail
rPois    .         Spirit   .   (helmet restricted)
rElec    .         Reflect  .   (no cloak)
rCorr    .         Harm     .   (no gloves)
MR       +....                  (no boots)
Stlth    ..........             (no amulet)
HPRegen  0.11/turn              i - ring of protection from magic
MPRegen  0.08/turn              (no ring)

@: no status effects
A: retaliatory headbutt, horns 2
a: no special abilities


You were on level 2 of the Dungeon.
You were not hungry.

You visited 1 branch of the dungeon, and saw 2 of its levels.

You collected 42 gold pieces.

Inventory:

Hand Weapons
 a - a +0 flail (weapon)
Armour
 b - a +0 scale mail (worn)
 c - a +0 shield (worn)
Jewellery
 i - a ring of protection from magic (left hand)
Scrolls
 g - 2 scrolls of magic mapping
 h - a scroll of amnesia {unknown}
 j - a scroll of enchant weapon {unknown}
 k - 3 scrolls of remove curse {unknown}
Comestibles
 f - a ration


   Skills:
 + Level 4.1 Fighting
 + Level 3.0 Maces & Flails
 + Level 4.3 Armour
 + Level 4.3 Shields


You had 2 spell levels left.
You didn't know any spells.
Your spell library contained the following spells:

 Spells                   Type           Power        Failure   Level  Hunger
 Magic Dart               Conj           #...         99%         1    ##.....


Dungeon Overview and Level Annotations

Branches:
Dungeon (2/15)

Altars:
Kikubaaqudgha
Makhleb
Sif Muna
Vehumet


Innate Abilities, Weirdness & Mutations

You reflexively headbutt those who attack you in melee.
You have a pair of horns on your head.


Message History

You are too injured to fight recklessly!
You are too injured to fight recklessly!
You are too injured to fight recklessly!
You are too injured to fight recklessly!
You are too injured to fight recklessly!
You are too injured to fight recklessly!
You barely miss the worm. You headbutt the worm.
The worm is almost dead.
You block the worm's attack.
Your shield and scale mail prevent you from hitting the worm.
The worm is severely wounded.
The worm bites you!
* * * LOW HITPOINT WARNING * * *
You hit the worm.
The worm is severely wounded.
As you read the scroll labeled ZELLIU FUOLUUGA, it crumbles to dust.
It is a scroll of identify.
g - 2 scrolls of magic mapping The worm bites you.
You die...

#.... ...# #. #.#.#
#..##.....
#.#.###..##.##.#
#.#.(..........
#.#..#...>.#.##
#.#..##.###...### #
#.......##8##...##8#
####...#...#.⌠.#...#
#......#_......@w._#
#.##..##...##.##...#
# #...##8##...##8##
##.#.###8...8###
#......##._.###
#.......##.#####.#
####.#####.......#
#. #....>....# #.
#........##


You could see a worm.

Vanquished Creatures
  A jelly (D:2)
  A worm (D:2)
  A leopard gecko (D:1)
  A goblin (D:2)
  2 hobgoblins (D:1)
  A ball python (D:1)
  6 bats
  A frilled lizard (D:1)
  2 kobolds (D:1)
  3 rats (D:1)
19 creatures vanquished.

Notes
Turn   | Place    | Note
-------+----------+-------------------------------------------
     0 | D:1      | misha the Minotaur Fighter began the quest for the Orb.
     0 | D:1      | Reached XP level 1. HP: 19/19 MP: 0/0
   420 | D:1      | Reached XP level 2. HP: 27/27 MP: 1/1
   750 | D:2      | Found a burning altar of Makhleb.
   817 | D:2      | Reached XP level 3. HP: 12/33 MP: 2/2
   911 | D:2      | Found a radiant altar of Vehumet.
   916 | D:2      | Identified Vehumet's Reference Book on Attacks
   919 | D:2      | Found an ancient bone altar of Kikubaaqudgha.
   920 | D:2      | Found a deep blue altar of Sif Muna.
   931 | D:2      | HP: 1/33 [worm (9)]
   933 | D:2      | Slain by a worm

Skill      XL: |  1  2 |
---------------+-------+-----
Shields        | 4 |  4.3
Armour         | 4 |  4.3
Fighting       | 4 |  4.1
Maces & Flails | 3 |  3.0

Action                   || total
-------------------------++-------
Melee: Flail             ||    63
       Headbutt          ||    16
  Use: Potion            ||     1
       Scroll            ||     1
Armor: Scale mail        ||    29
Dodge: Dodged            ||    15
Block: Shield            ||    29
